 Dungeon Crawl Stone Soup version 0.30.1-11-g7821555f0a (webtiles) character file.

Game seed: 17857987118889939995

56 ChrisAssaf the Caller (level 4, -1/31 HPs)
             Began as a Human Summoner on Jan 8, 2024.
             Slain by Pikel
             ... wielding a +2 whip of electrocution
              (6 damage)
             ... on level 4 of the Dungeon.
             The game lasted 00:06:49 (1164 turns).

ChrisAssaf the Caller (Human Summoner)              Turns: 1164, Time: 00:06:49

Health: -1/31      AC:  3    Str:  9    XL:     4   Next: 17%
Magic:  3/7        EV: 12    Int: 17    God:
Gold:   99         SH:  0    Dex: 13    Spells: 1/7 levels left

rFire   . . .        d - +1 dagger
rCold   . . .        (no shield)
rNeg    . . .        a - +1 robe
rPois   .            (no helmet)
rElec   .            (no cloak)
rCorr   .            (no gloves)
SInv    .            (no boots)
Will    .....        (no amulet)
Stlth   ++           (no ring)
HPRegen 0.25/turn    (no ring)
MPRegen 0.10/turn

%: no passive effects
@: no status effects
A: no striking features
a: no special abilities


You were on level 4 of the Dungeon.
You visited 1 branch of the dungeon, and saw 4 of its levels.

You collected 99 gold pieces.

Inventory:

Hand Weapons
 d - a +1 dagger (weapon)
Armour
 a - a +1 robe (worn)
Scrolls
 g - a scroll of vulnerability
 h - a scroll of identify
Potions
 b - 2 potions of magic
 e - 3 potions of brilliance


   Skills:
 * Level 0.5 Fighting
 * Level 0.7 Short Blades
 * Level 0.4 Armour
 * Level 2.4 Dodging
 * Level 2.2 Stealth
 * Level 2.4 Spellcasting
 * Level 4.5 Summonings


You had one spell level left.
You knew the following spells:

 Your Spells              Type           Power      Damage    Failure   Level
a - Summon Small Mammal   Summ           68%        N/A       3%          1
b - Call Imp              Summ           34%        N/A       4%          2
c - Call Canine Familiar  Summ           17%        N/A       9%          3

Your spell library contained the following spells:

 Spells                   Type           Power      Damage    Failure   Level
 Summon Guardian Golem    Hex/Summ       9%         N/A       22%         3
 Summon Lightning Spire   Summ/Air       9%         N/A       58%         4


Dungeon Overview and Level Annotations

Branches:
Dungeon (4/15)
 Temple: D:4-7

Altars:

Shops:
D:1 (

Annotations:
D:4 Pikel


Message History

Anything else - Cancel.
Gang up on whom?
Press: ? - help, Dir - move target, f - Pikel
Aim: Pikel, wielding a +2 whip of electrocution and wearing a +0 robe Attack!
Your hound barely misses the lemure.
The lemure barely misses you.
A lemure comes into view.
Your cerulean imp hits Pikel but does no damage.
Your cerulean imp hits Pikel with a -3 spear.
Your hound bites Pikel.
Your hound bites Pikel but does no damage.
Your cerulean imp hits Pikel but does no damage.
Pikel hits you with a +2 whip of electrocution.
You are electrocuted!
Unknown command.
You feel better.
Your hound bites Pikel but does no damage.
Your cerulean imp barely misses Pikel.
Your hound completely misses Pikel.
Pikel hits you with a +2 whip of electrocution.
The lemure hits you!
Found 15 gold pieces.
Your hound closely misses Pikel.
Your cerulean imp hits Pikel but does no damage.
Your cerulean imp misses Pikel.
Your hound bites Pikel but does no damage.
Your hound completely misses Pikel.
Your cerulean imp hits Pikel but does no damage.
Pikel closely misses your hound.
Your hound bites Pikel.
Your cerulean imp hits Pikel but does no damage.
Your hound bites Pikel.
Your hound barely misses Pikel.
Your hound bites the lemure.
Your cerulean imp hits Pikel but does no damage.
Your cerulean imp barely misses Pikel.
Your hound bites Pikel.
Your hound barely misses Pikel.
The lemure hits you!
* * * LOW HITPOINT WARNING * * *
The lemure attacks as you move away! The lemure hits you but does no damage.
Your cerulean imp barely misses the lemure.
Pikel closely misses you. The lemure hits your hound.
Pikel attacks as you move away!
Pikel hits you with a +2 whip of electrocution.
You die...

...#................#
....#..............##
.##.##......#.....##
.....#####..#######
###..............##
#.#.............##
#................#
#...:..?.........#
##............@..# .
#........5.hK5..# .#
#.........55.5..#
.##...............##
..........#.....##
.....$.########
.....# ..#. .


You could see Pikel (ally target), 4 lemures, a friendly hound (summoned) and a
friendly cerulean imp (summoned).

Vanquished Creatures
  A worm (D:2)
  A ball python (D:1)
  3 endoplasms
  2 giant cockroaches
  A hobgoblin (D:1)
  2 quokkas
  A frilled lizard (D:3)
  A kobold (D:1)
  2 rats
14 creatures vanquished.

Vanquished Creatures (collateral kills)
  An adder (D:3)
  3 dart slugs
  An orc (D:3)
  A bat (D:1)
  An endoplasm (D:1)
  3 giant cockroaches
  A goblin (D:4)
  A hobgoblin (D:1)
  A quokka (D:1)
  A ball python (D:1)
  A frilled lizard (D:1)
  3 kobolds
  3 rats
21 creatures vanquished.

Grand Total: 35 creatures vanquished

Notes
Turn   | Place    | Note
-------+----------+-------------------------------------------
     0 | D:1      | ChrisAssaf the Human Summoner began the quest for the Orb.
     0 | D:1      | Reached XP level 1. HP: 13/13 MP: 3/3
   165 | D:1      | Reached XP level 2. HP: 19/19 MP: 1/5
   168 | D:1      | Learned a level 2 spell: Call Imp
   289 | D:1      | Found Makkiavu's Weapon Boutique.
   471 | D:2      | Reached XP level 3. HP: 22/24 MP: 3/6
   593 | D:3      | Learned a level 3 spell: Call Canine Familiar
   930 | D:3      | Reached XP level 4. HP: 27/31 MP: 2/7
  1066 | D:4      | Noticed a lemure
  1122 | D:4      | Noticed a lemure
  1139 | D:4      | Noticed a lemure
  1144 | D:4      | Noticed Pikel
  1148 | D:4      | Noticed a lemure
  1164 | D:4      | Slain by Pikel

Illustrated notes

Levels and vault maps discovered:
D:1:      sevenhm_arrival_forest_fort_large_4, layout_basic, serial_shops,
          nicolae_diamond_shop, serial_rivers, chequers_serial_rivers_micro_b,
          chequers_serial_rivers_marsh, chequers_serial_rivers_large_b,
          chequers_serial_rivers_marsh, serial_bayou_ford_a,
          kennysheep_pointless_box
D:2:      layout_basic
D:3:      layout_loops_corners, mainiacjoe_overflow_tiny_flanked,
          nicolae_underground_beach
D:4:      layout_rooms, grunt_temple_overflow_opulence, uniq_pikel

Action                     |  1- 3 |  4- 6 || total
---------------------------+-------+-------++-------
  Melee: Dagger            |    60 |       ||    60
         Punch             |     1 |       ||     1
   Cast: Summon Small Mamm |     6 |       ||     6
         Call Imp          |    10 |     2 ||    12
         Call Canine Famil |     1 |     3 ||     4
    Use: Scroll            |     6 |     2 ||     8
         Potion            |     1 |     1 ||     2
   Stab: Distracted        |     1 |       ||     1
         Sleeping          |     2 |       ||     2
 Armour: Robe              |    19 |     4 ||    23
  Dodge: Dodged            |    54 |     3 ||    57
